 Dungeon Crawl Stone Soup version 0.29.1-15-g9cfb28693d (webtiles) character file.

Game seed: 15746338623137742880

37 DemonSlayer the Digger (level 3, -2/24 HPs)
             Began as a Demonspawn Earth Elementalist on Apr 11, 2023.
             Slain by Sigmund
             ... wielding a +0 scythe
              (11 damage)
             ... on level 2 of the Dungeon.
             The game lasted 00:01:48 (1425 turns).

DemonSlayer the Digger (DsEE)                       Turns: 1425, Time: 00:01:49

Health: -2/24      AC:  2    Str: 10    XL:     3   Next: 21%
Magic:  2/6        EV: 12    Int: 16    God:
Gold:   119        SH:  0    Dex: 13    Spells: 4/7 levels left

rFire   . . .      SeeInvis .   g - +0 mace
rCold   . . .      Faith    .   (no shield)
rNeg    . . .      Spirit   .   a - +0 robe
rPois   .          Reflect  .   (helmet restricted)
rElec   .          Harm     .   (no cloak)
rCorr   .          Rampage  .   (no gloves)
Will    .....                   (no boots)
Stlth   ++........              (no amulet)
HPRegen 0.08/turn               e - +4 ring of slaying
MPRegen 0.10/turn               (no ring)

@: on berserk cooldown, slowed, very slow
A: horns 2
a: no special abilities


You were on level 2 of the Dungeon.
You visited 1 branch of the dungeon, and saw 2 of its levels.

You collected 119 gold pieces.

Inventory:

Hand Weapons
 g - a +0 mace (weapon)
Armour
 a - a +0 robe (worn)
Jewellery
 e - a +4 ring of slaying (left hand)
Scrolls
 c - a scroll of vulnerability {unknown}
 d - 3 scrolls of identify {unknown}
 j - a scroll of poison {unknown}
 k - a scroll of acquirement {unknown}
Potions
 b - a potion of magic
 f - a potion of berserk rage
 h - a potion of heal wounds {unknown}
 i - a potion of curing {unknown}
 l - 2 potions of degeneration {unknown}
 m - a potion of haste {unknown}


   Skills:
 + Level 0.3 Maces & Flails
 + Level 1.9 Dodging
 + Level 2.0 Stealth
 + Level 2.5 Spellcasting
 + Level 0.8 Transmutations
 + Level 3.3 Earth Magic


You had 4 spell levels left.
You knew the following spells:

 Your Spells              Type           Power      Damage    Failure   Level
a - Sandblast             Erth           24%        2d8       4%          1
b - Passwall              Tmut/Erth      6%         N/A       13%         2

Your spell library contained the following spells:

 Spells                   Type           Power      Damage    Failure   Level
 Freeze                   Ice            8%         1d3       21%         1
 Stone Arrow              Conj/Erth      14%        3d7       30%         3
 Frozen Ramparts          Ice            4%         1d1       52%         3
 Petrify                  Tmut/Erth      8%         N/A       63%         4
 Hailstorm                Conj/Ice       2%         3d3       89%         4


Dungeon Overview and Level Annotations

Branches:
Dungeon (2/15)

Altars:

Annotations:
D:2 Sigmund


Innate Abilities, Weirdness & Mutations

You have a pair of horns on your head.


Message History

Found a scroll labelled SIAGO NEAQ IRIDD.
The blast of sand hits Sigmund.
Sigmund is lightly wounded.
The blast of sand hits Sigmund!
Sigmund is heavily wounded.
Sigmund barely misses you.
The blast of sand hits Sigmund!
Sigmund is severely wounded.
Sigmund barely misses you.
The blast of sand hits Sigmund!
Sigmund is almost dead.
Sigmund gestures at you while chanting. The magic dart hits you!
The blast of sand hits Sigmund.
Sigmund is almost dead.
Sigmund breathes a few words.
Sigmund's hands start flickering wildly.
Sigmund points at you and mumbles some strange words.
You are confused.
You're too confused to cast spells.
It was a potion of berserk rage.
A red film seems to cover your vision as you go berserk!
You feel yourself moving faster!
You feel mighty!
Sigmund hits you from afar with a +0 scythe!
Found a scroll labelled GIQAAD NYIFOO.
You feel a strong urge to attack something.
You closely miss Sigmund. Your headbutt misses Sigmund.
Sigmund is almost dead.
Sigmund hits you but does no damage.
You barely miss Sigmund. Your headbutt misses Sigmund.
Sigmund is almost dead.
Sigmund closely misses you.
You feel a strong urge to attack something.
You are no longer berserk.
You are exhausted.
You feel yourself slow down. Sigmund hits you with a +0 scythe.
You're too confused to cast spells.
You feel less confused. Sigmund hits you with a +0 scythe!
You die...

#.......# #.....(.#
#.......# #...)...# #
##......# #### #......#
. ...##
#......#######...
##..####.........@.....?
##.....†...(....@.......
##...................#?.
##......##.....(.....#
##......###..........#
##......# #..........#
######### #..........# #
#..........# #
#..........#


You could see Sigmund.

Vanquished Creatures
  An adder (D:2)
  A worm (D:2)
  A dart slug (D:1)
  3 ball pythons (D:1)
  3 bats
  An endoplasm (D:2)
  A goblin (D:1)
  3 hobgoblins
  A quokka (D:1)
  2 kobolds
  4 rats
21 creatures vanquished.

Vanquished Creatures (others)
  3 fungi (D:2)
  3 plants (D:1)
6 creatures vanquished.

Grand Total: 27 creatures vanquished

Notes
Turn   | Place    | Note
-------+----------+-------------------------------------------
     0 | D:1      | DemonSlayer the Demonspawn Earth Elementalist began the
                  | quest for the Orb.
     0 | D:1      | Reached XP level 1. HP: 13/13 MP: 3/3
   349 | D:1      | Reached skill level 3 in Earth Magic
   349 | D:1      | Gained mutation: You have a pair of small horns on your
                  | head. [demonic ancestry]
   349 | D:1      | Reached XP level 2. HP: 16/19 MP: 3/5
   969 | D:1      | Learned a level 2 spell: Passwall
  1308 | D:2      | Gained mutation: You have a pair of horns on your head.
                  | [demonic ancestry]
  1308 | D:2      | Reached XP level 3. HP: 24/24 MP: 1/6
  1411 | D:2      | Noticed Sigmund
  1425 | D:2      | Slain by Sigmund

Illustrated notes

Levels and vault maps discovered:
D:1:      roderic_crossed_star, layout_rooms, serial_bayou,
          serial_bayou_shore_b, serial_bayou_pond_d, serial_bayou_lagoon_a,
          serial_bayou_pond_b
D:2:      layout_basic, basic_altar, serial_glass, glass_columns_a,
          glass_columns_b, due_unseen_surprise, uniq_crazy_yiuf_cottage,
          uniq_sigmund

Skill      XL: |  1  2 |
---------------+-------+-----
Earth Magic    | 3 |  3.3
Stealth        | 2 |  2.0
Maces & Flails | |  0.3
Dodging        | |  1.9
Spellcasting   | |  2.5
Transmutations | |  0.8

Action                   || total
-------------------------++-------
Melee: Mace              ||    21
       Headbutt          ||     3
 Cast: Sandblast         ||    27
  Use: Potion            ||     1
Armor: Robe              ||     5
Dodge: Dodged            ||    21
